MWL (24 & UNDER)
ERIE JAXX @ LEE'S SUMMIT TIGERS
06/17/2028
 
TOP OF THE 1ST
Erie Jaxx batting - Pitching for Lee's Summit Tigers : LHP António Ruíz
Pitching: LHP António Ruíz
Batting: LHB Kyle Robbins 0-0: Ball
1-0: Foul Ball, location: 2F
1-1: Ball
2-1: Foul Ball, location: 2F
2-2: Foul Ball, location: 2F
2-2: Foul Ball, location: 2F
2-2: Strikes out swinging
Batting: RHB George Medine 0-0: Ball
1-0: Ball
2-0: Called Strike
2-1: Ball
3-1: Called Strike
3-2: Base on Balls
Batting: SHB Michael Field 0-0: Called Strike
0-1: Ball
1-1: Ball
2-1: Ball
3-1: SINGLE (Flyball, 89S)
George Medine to second
Batting: RHB Ed Keesee 0-0: Ball
1-0: Ball
George Medine steals 3rd base
Michael Field to second
2-0: Ground out 6-3 (Groundball, 6)
George Medine scores
Batting: SHB José Durango 0-0: Ball
1-0: SINGLE (Flyball, 7S)
Michael Field to third
Runner from 3rd tries for Home, SAFE, throw made home
Batting: RHB Alfredo Ramírez 0-0: Ball
1-0: Ball
2-0: Ball
3-0: Base on Balls
José Durango to second
Batting: RHB Andrés Silva 0-0: Called Strike
0-1: Swinging Strike
0-2: Ball
1-2: Strikes out swinging
Top of the 1st over - 2 run(s), 2 hit(s), 0 error(s), 2 left on base; Erie 2 - Lee's Summit 0
BOTTOM OF THE 1ST
Lee's Summit Tigers batting - Pitching for Erie Jaxx : LHP Scott McCullough
Pitching: LHP Scott McCullough
Batting: RHB Stan Taylor 0-0: Ball
1-0: Called Strike
1-1: Ball
2-1: Swinging Strike
2-2: Foul Ball, location: 2F
2-2: Foul Ball, location: 2F
2-2: Foul Ball, location: 2F
2-2: Foul Ball, location: 2F
2-2: Ground out 6-3 (Groundball, 6)
Batting: LHB José Guerrero 0-0: Called Strike
0-1: Ground out 5-3 (Groundball, 5)
Batting: LHB Dudley Cooper 0-0: Ball
1-0: Foul Ball, location: 2F
1-1: SINGLE (Groundball, 34D)
Batting: LHB Al Miller 0-0: Ball
1-0: Ball
2-0: Ball
3-0: Base on Balls
Dudley Cooper to second
Batting: RHB Ricardo Velásquez 0-0: Called Strike
0-1: Fly out, F3 (Popup, 3)
Bottom of the 1st over - 0 run(s), 1 hit(s), 0 error(s), 2 left on base; Erie 2 - Lee's Summit 0
TOP OF THE 2ND
Erie Jaxx batting - Pitching for Lee's Summit Tigers : LHP António Ruíz
Batting: RHB James Richardson 0-0: Ball
1-0: Ball
2-0: Ball
3-0: Swinging Strike
3-1: Base on Balls
Batting: RHB William Wilson 0-0: Ball
1-0: Swinging Strike
1-1: Swinging Strike
1-2: Ball
2-2: Strikes out swinging
Batting: LHB Kyle Robbins 0-0: Called Strike
0-1: Foul Ball, location: 2F
0-2: 2-RUN HOME RUN (Flyball, 9LD), Distance : 326 ft
Batting: RHB George Medine 0-0: Swinging Strike
0-1: Ball
1-1: Foul Ball, location: 2F
1-2: Ball
2-2: Ground out 5-3 (Groundball, 5)
Batting: SHB Michael Field 0-0: SINGLE (Groundball, 56D)
Batting: RHB Ed Keesee 0-0: Ball
1-0: Ball
2-0: Called Strike
2-1: Ball
3-1: Base on Balls
Michael Field to second
Batting: SHB José Durango 0-0: Called Strike
0-1: Fielders Choice at 2nd, 6-4 (Groundball, 56)
Top of the 2nd over - 2 run(s), 2 hit(s), 0 error(s), 1 left on base; Erie 4 - Lee's Summit 0
BOTTOM OF THE 2ND
Lee's Summit Tigers batting - Pitching for Erie Jaxx : LHP Scott McCullough
Batting: LHB Glenn Williamson 0-0: Swinging Strike
0-1: Ground out 4-3 (Groundball, 34)
Batting: RHB Valentín Saldaña 0-0: Ball
1-0: Ball
2-0: Ground out 3-1 (Groundball, 34S)
Batting: RHB Steve Johnson 0-0: Called Strike
0-1: Called Strike
0-2: Ball
1-2: Strikes out swinging
Bottom of the 2nd over - 0 run(s), 0 hit(s), 0 error(s), 0 left on base; Erie 4 - Lee's Summit 0
TOP OF THE 3RD
Erie Jaxx batting - Pitching for Lee's Summit Tigers : LHP António Ruíz
Batting: RHB Alfredo Ramírez 0-0: Ground out 6-3 (Groundball, 6)
Batting: RHB Andrés Silva 0-0: Called Strike
0-1: Called Strike
0-2: Ball
1-2: Fly out, F8 (Flyball, 8LD)
Batting: RHB James Richardson 0-0: Ball
1-0: Foul Ball, location: 2F
1-1: Foul Ball, location: 2F
1-2: Ball
2-2: SINGLE (Groundball, 56D)
Batting: RHB William Wilson 0-0: Ball
1-0: Ball
2-0: Foul Ball, location: 2F
2-1: Called Strike
2-2: Ball
3-2: SINGLE (Line Drive, 9S)
James Richardson to second
James Richardson to third
Batting: LHB Kyle Robbins 0-0: Called Strike
0-1: Foul Ball, location: 2F
0-2: Strikes out swinging
Top of the 3rd over - 0 run(s), 2 hit(s), 0 error(s), 2 left on base; Erie 4 - Lee's Summit 0
BOTTOM OF THE 3RD
Lee's Summit Tigers batting - Pitching for Erie Jaxx : LHP Scott McCullough
Batting: RHB Travis Ezell 0-0: Ball
1-0: Called Strike
1-1: Foul Ball, location: 2F
1-2: Ground out 6-3 (Groundball, 6M)
Batting: RHB Stan Taylor 0-0: Ball
1-0: Foul Ball, location: 2F
1-1: Ball
2-1: Ball
3-1: Swinging Strike
3-2: Base on Balls
Batting: LHB José Guerrero 0-0: Ball
Throwing error on steal attempt, E2
Stan Taylor to third
1-0: Swinging Strike
1-1: Ball
2-1: Reached on error, E6 (Groundball, 6M)
Stan Taylor scores
Batting: LHB Dudley Cooper 0-0: SINGLE (Groundball, 4D)
José Guerrero to second
Runner from 2nd tries for 3rd, SAFE, no throw
Batting: LHB Al Miller 0-0: Called Strike
0-1: Ball
1-1: Ball
2-1: Ball
3-1: Swinging Strike
3-2: Foul Ball, location: 2F
3-2: Reached on error, E1 (Groundball, 13S)
José Guerrero scores
Dudley Cooper to second
Batting: RHB Ricardo Velásquez 0-0: Ball
Wild Pitch!
Dudley Cooper to third
Al Miller to second
1-0: Ground out 5-3 (Groundball, 56)
Dudley Cooper scores
Batting: LHB Glenn Williamson 0-0: Called Strike
0-1: Foul Ball, location: 2F
0-2: Ball
1-2: Ball
2-2: Strikes out looking
Bottom of the 3rd over - 3 run(s), 1 hit(s), 3 error(s), 1 left on base; Erie 4 - Lee's Summit 3
TOP OF THE 4TH
Erie Jaxx batting - Pitching for Lee's Summit Tigers : LHP António Ruíz
Batting: RHB George Medine 0-0: Ball
1-0: Called Strike
1-1: Ground out 6-3 (Groundball, 6)
Batting: SHB Michael Field 0-0: Called Strike
0-1: Swinging Strike
0-2: Ball
1-2: Ball
2-2: SINGLE (Line Drive, 6MD)
Batting: RHB Ed Keesee 0-0: Ball
1-0: Called Strike
1-1: Ball
2-1: Grounds into double play, 5-4-3 (Groundball, 56)
Top of the 4th over - 0 run(s), 1 hit(s), 0 error(s), 0 left on base; Erie 4 - Lee's Summit 3
BOTTOM OF THE 4TH
Lee's Summit Tigers batting - Pitching for Erie Jaxx : LHP Scott McCullough
Batting: RHB Valentín Saldaña 0-0: Swinging Strike
0-1: Ball
1-1: Ball
2-1: Ball
3-1: Foul Ball, location: 2F
3-2: Strikes out swinging
Batting: RHB Steve Johnson 0-0: Ball
1-0: Ball
2-0: SINGLE (Flyball, 89S)
Batting: RHB Travis Ezell 0-0: Foul Ball, location: 2F
0-1: SINGLE (Groundball, 56D)
Steve Johnson to second
Batting: RHB Stan Taylor 0-0: Called Strike
0-1: Ball
1-1: Ball
2-1: Foul Ball, location: 2F
2-2: Ball
Wild Pitch!
Steve Johnson to third
Travis Ezell to second
3-2: Base on Balls
Batting: LHB José Guerrero 0-0: Ball
1-0: Fly out, F8 (Flyball, 8RM)
Runner from 3rd tags up, SCORES, throw made
Batting: LHB Dudley Cooper 0-0: Foul Ball, location: 2F
0-1: Ball
1-1: SINGLE (Groundball, 4M) (infield hit)
Travis Ezell to third
Stan Taylor to second
Batting: LHB Al Miller 0-0: Called Strike
0-1: Called Strike
0-2: Ball
1-2: Foul Ball, location: 2F
1-2: Fly out, F4 (Flyball, 34D)
Bottom of the 4th over - 1 run(s), 3 hit(s), 0 error(s), 3 left on base; Erie 4 - Lee's Summit 4
TOP OF THE 5TH
Erie Jaxx batting - Pitching for Lee's Summit Tigers : LHP António Ruíz
Pitching: LHP Dave McCoy
Batting: SHB José Durango 0-0: Called Strike
0-1: Ball
1-1: Ball
2-1: Ball
3-1: Called Strike
3-2: Strikes out swinging
Batting: RHB Alfredo Ramírez 0-0: Foul Ball, location: 2F
0-1: Ball
1-1: Ball
2-1: Ball
3-1: Called Strike
3-2: Strikes out swinging
Batting: RHB Andrés Silva 0-0: Foul Ball, location: 2F
0-1: Ball
1-1: Reached on error, E5 (Groundball, 56)
Batting: RHB James Richardson 0-0: Called Strike
0-1: Fly out, F5 (Popup, 5L)
Top of the 5th over - 0 run(s), 0 hit(s), 1 error(s), 1 left on base; Erie 4 - Lee's Summit 4
BOTTOM OF THE 5TH
Lee's Summit Tigers batting - Pitching for Erie Jaxx : LHP Scott McCullough
Pitching: RHP Tom Newton
Batting: RHB Ricardo Velásquez 0-0: Foul Ball, location: 2F
0-1: Called Strike
0-2: Foul Ball, location: 2F
0-2: Ball
1-2: Ball
2-2: Strikes out looking
Batting: LHB Glenn Williamson 0-0: Ball
1-0: Foul Ball, location: 2F
1-1: Ball
2-1: SINGLE (Flyball, 8RS)
Batting: RHB Valentín Saldaña 0-0: Ball
1-0: Ball
2-0: Grounds into double play, 5-4-3 (Groundball, 56)
Bottom of the 5th over - 0 run(s), 1 hit(s), 0 error(s), 0 left on base; Erie 4 - Lee's Summit 4
TOP OF THE 6TH
Erie Jaxx batting - Pitching for Lee's Summit Tigers : LHP Dave McCoy
Batting: RHB William Wilson 0-0: Called Strike
0-1: Ball
1-1: SOLO HOME RUN (Line Drive, 7LD), Distance : 328 ft
Batting: LHB Kyle Robbins 0-0: DOUBLE (Line Drive, 9LS)
Batting: RHB George Medine 0-0: Ball
1-0: Ground out 5-3 (Groundball, 5S)
Kyle Robbins to third
Batting: SHB Michael Field 0-0: Called Strike
0-1: Called Strike
0-2: Strikes out swinging
Batting: RHB Ed Keesee 0-0: Ball
Wild Pitch!
Kyle Robbins scores
1-0: SINGLE (Groundball, 56D)
Batting: SHB José Durango 0-0: Ground out 1-3 (Groundball, 13S)
Top of the 6th over - 2 run(s), 3 hit(s), 0 error(s), 1 left on base; Erie 6 - Lee's Summit 4
BOTTOM OF THE 6TH
Lee's Summit Tigers batting - Pitching for Erie Jaxx : RHP Tom Newton
Batting: RHB Steve Johnson 0-0: Ball
1-0: Swinging Strike
1-1: Ball
2-1: Ball
3-1: Foul Ball, location: 2F
3-2: Fly out, F9 (Flyball, 9)
Batting: RHB Travis Ezell 0-0: Ball
1-0: Called Strike
1-1: Ground out 4-3 (Groundball, 34)
Batting: RHB Stan Taylor 0-0: Ball
1-0: Swinging Strike
1-1: Called Strike
1-2: Strikes out swinging
Bottom of the 6th over - 0 run(s), 0 hit(s), 0 error(s), 0 left on base; Erie 6 - Lee's Summit 4
TOP OF THE 7TH
Erie Jaxx batting - Pitching for Lee's Summit Tigers : LHP Dave McCoy
Batting: RHB Alfredo Ramírez 0-0: Ball
1-0: Ball
2-0: Foul Ball, location: 2F
2-1: Ball
3-1: DOUBLE (Line Drive, 89M)
Batting: RHB Andrés Silva 0-0: Intentional Walk
Batting: RHB James Richardson 0-0: Ball
1-0: Called Strike
1-1: Swinging Strike
1-2: Foul Ball, location: 2F
1-2: Foul Ball, location: 2F
1-2: SINGLE (Groundball, 56D)
Alfredo Ramírez to third
Andrés Silva to second
Batting: RHB William Wilson 0-0: Ball
1-0: Foul Ball, location: 2F
1-1: Grounds into fielders choice 5-2 (Groundball, 5S)
Andrés Silva to third
James Richardson to second
Batting: LHB Kyle Robbins 0-0: Grounds into fielders choice 6-2 (Groundball, 6)
James Richardson to third
William Wilson to second
Batting: RHB George Medine 0-0: Called Strike
0-1: Ball
1-1: Ball
2-1: Fly out, F9 (Flyball, 89D)
Top of the 7th over - 0 run(s), 2 hit(s), 0 error(s), 3 left on base; Erie 6 - Lee's Summit 4
BOTTOM OF THE 7TH
Lee's Summit Tigers batting - Pitching for Erie Jaxx : RHP Tom Newton
Batting: LHB José Guerrero 0-0: Ball
1-0: Fly out, F6 (Popup, 6)
Batting: LHB Dudley Cooper 0-0: Called Strike
0-1: Ball
1-1: Called Strike
1-2: Foul Ball, location: 2F
1-2: Foul Ball, location: 2F
1-2: Foul Ball, location: 2F
1-2: Foul Ball, location: 2F
1-2: Foul Ball, location: 2F
1-2: Ball
2-2: Fly out, F8 (Flyball, 8RM)
Batting: LHB Al Miller 0-0: Ball
1-0: Foul Ball, location: 2F
1-1: Ball
2-1: Ball
3-1: Base on Balls
Batting: RHB Ricardo Velásquez 0-0: Fly out, F5 (Popup, 56)
Bottom of the 7th over - 0 run(s), 0 hit(s), 0 error(s), 1 left on base; Erie 6 - Lee's Summit 4
TOP OF THE 8TH
Erie Jaxx batting - Pitching for Lee's Summit Tigers : LHP Dave McCoy
Batting: SHB Michael Field 0-0: Ball
1-0: Swinging Strike
1-1: Ground out 6-3 (Groundball, 6)
Batting: RHB Ed Keesee 0-0: Fly out, F9 (Flyball, 9S)
Batting: SHB José Durango 0-0: Ball
1-0: Called Strike
1-1: Foul Ball, location: 2F
1-2: Strikes out swinging
Top of the 8th over - 0 run(s), 0 hit(s), 0 error(s), 0 left on base; Erie 6 - Lee's Summit 4
BOTTOM OF THE 8TH
Lee's Summit Tigers batting - Pitching for Erie Jaxx : RHP Tom Newton
Batting: LHB Glenn Williamson 0-0: Ball
1-0: Swinging Strike
1-1: Called Strike
1-2: Ball
2-2: Ground out 4-3 (Groundball, 4)
Batting: RHB Valentín Saldaña 0-0: Called Strike
0-1: Ground out 3-1 (Groundball, 34S)
Batting: RHB Steve Johnson 0-0: Ball
1-0: Ball
2-0: Ball
3-0: Called Strike
3-1: SINGLE (Groundball, 34D)
Pitching: LHP Francisco Ramírez
Batting: RHB Travis Ezell 0-0: Fly out, F7 (Flyball, 7)
Bottom of the 8th over - 0 run(s), 1 hit(s), 0 error(s), 1 left on base; Erie 6 - Lee's Summit 4
TOP OF THE 9TH
Erie Jaxx batting - Pitching for Lee's Summit Tigers : LHP Dave McCoy
Batting: RHB Alfredo Ramírez 0-0: Ball
1-0: Ball
2-0: Swinging Strike
2-1: SINGLE (Flyball, 8RS)
Batting: RHB Andrés Silva 0-0: Swinging Strike
0-1: Foul Ball, location: 2F
0-2: Foul Ball, location: 2F
0-2: Ball
1-2: Ball
2-2: Ball
3-2: Strikes out swinging
Alfredo Ramírez is caught stealing 2nd base
Batter strikes out.
Batting: RHB James Richardson 0-0: SINGLE (Line Drive, 8RS)
Batting: RHB William Wilson 0-0: Called Strike
0-1: Ball
1-1: Swinging Strike
1-2: Strikes out looking
Top of the 9th over - 0 run(s), 2 hit(s), 0 error(s), 1 left on base; Erie 6 - Lee's Summit 4
BOTTOM OF THE 9TH
Lee's Summit Tigers batting - Pitching for Erie Jaxx : LHP Francisco Ramírez
Pitching: LHP Rafael Romero
Batting: RHB Stan Taylor 0-0: Called Strike
0-1: Ball
1-1: Ball
2-1: SINGLE (Flyball, 8RS)
Pinch Hitting: RHB Manny Gallardo 0-0: Called Strike
0-1: Ball
1-1: Foul Ball, location: 2F
1-2: Strikes out swinging
Batting: LHB Dudley Cooper 0-0: Called Strike
0-1: Ball
1-1: Ground out 4-3 (Groundball, 34)
Stan Taylor to second
Batting: LHB Al Miller 0-0: Ball
1-0: Ball
2-0: Ball
3-0: Base on Balls
Batting: RHB Ricardo Velásquez 0-0: Ball
1-0: Ball
2-0: Ball
3-0: Foul Ball, location: 2F
3-1: Foul Ball, location: 2F
3-2: Base on Balls
Stan Taylor to third
Al Miller to second
Batting: LHB Glenn Williamson 0-0: Ball
1-0: Foul Ball, location: 2F
1-1: GRAND SLAM HOME RUN (Flyball, 89XD), Distance : 369 ft
Tuesday, August 8th, 2017 - OOTP Baseball 17.12 Build 75